 Dungeon Crawl Stone Soup version bcrawl-1.28.5 (webtiles) character file.

Game seed: 8254624007687516343

186199 Artagas the Chopper (level 3, 0/34 HPs)
             Began as a Minotaur Berserker on Jan 27, 2021.
             Was a Follower of Trog.
             Succumbed to a worker ant's poison
             ... on level 2 of the Dungeon.
             The game lasted 00:02:25 (700 turns).

Artagas the Chopper (Minotaur Berserker)             Turns: 700, Time: 00:02:26

Health: 0/34       AC:  6    Str: 20 (22) XL:     3   Next: 85%
Magic:  2/2        EV: 11    Int:  3 (4)  God:    Trog [*.....]
Gold:   93         SH:  0    Dex:  6 (9)  Spells: 2/2 levels left

rFire    . . .     SeeInvis .   a - +0 hand axe
rCold    . . .     Gourm    .   (no shield)
rNeg     . . .     Faith    .   i - +0 ring mail
rPois    .         Spirit   .   (helmet restricted)
rElec    .         Reflect  .   (no cloak)
rCorr    .         Harm     .   (no gloves)
MR       .....                  f - +0 pair of boots (curse)
Stlth    ..........             (no amulet)
HPRegen  0.11/turn              (no ring)
MPRegen  0.08/turn              (no ring)

@: lethally poisoned (0 -> -6), berserk cooldown, hasted and slowed
A: retaliatory headbutt, horns 2
a: Berserk, Renounce Religion


You were on level 2 of the Dungeon.
You worshipped Trog.
Trog was aware of your devotion.
You were hungry.

You visited 1 branch of the dungeon, and saw 2 of its levels.

You collected 93 gold pieces.

Inventory:

Hand Weapons
 a - a +0 hand axe (weapon)
Armour
 b - a +0 animal skin
 f - a cursed +0 pair of boots (worn)
   (You found it on level 1 of the Dungeon)
 i - a +0 ring mail (worn)
   (You found it on level 1 of the Dungeon)
Jewellery
 d - an uncursed amulet of the acrobat {unknown}
   (You found it on level 1 of the Dungeon)
Comestibles
 c - a chunk of flesh
 e - 2 rations {!d}


   Skills:
 * Level 4.5 Fighting
 * Level 4.5 Axes
 + Level 3.0 Armour
 + Level 2.6 Dodging


You had 2 spell levels left.
You didn't know any spells.
Your spell library was empty.

Dungeon Overview and Level Annotations

Branches:
Dungeon (2/12)

Altars:


Innate Abilities, Weirdness & Mutations

You reflexively headbutt those who attack you in melee.
You have a pair of horns on your head.


Message History

A frilled lizard comes into view.
The frilled lizard hisses angrily.
You see here a worm corpse.
A frilled lizard is nearby!
A goblin comes into view.
The goblin shouts!
A goblin comes into view.
A worker ant comes into view.
The goblin shouts!
The goblin hits you. The frilled lizard closely misses you.
The goblin hits you but does no damage.
You miss the frilled lizard. You barely miss the goblin.
The frilled lizard bites you but does no damage.
The goblin hits you but does no damage.
You slash the frilled lizard!
You kill the frilled lizard!
Trog accepts your kill.
You hit the goblin. The goblin hits you but does no damage.
The goblin wields a cursed -3 hunting sling.
The goblin shoots a stone.
The stone barely misses you.
You completely miss the goblin.
The goblin is moderately wounded.
You hit the worker ant but do no damage.
The worker ant bites you.
You are poisoned.
The worker ant poisons you! The goblin hits you but does no damage.
The worker ant misses you.
You slash the goblin!
You kill the goblin!
Trog accepts your kill.
You hit the goblin but do no damage. You closely miss the worker ant.
You feel sick. The goblin closely misses you. The worker ant bites you.
You are more poisoned.
The worker ant poisons you!
You hit the worker ant but do no damage.
You barely miss the goblin.
You feel sick. The goblin hits you but does no damage.
The worker ant bites you.
You are too injured to fight recklessly!
A red film seems to cover your vision as you go berserk!
You feel yourself moving faster!
You feel mighty!
You are feeling hungry.
You feel sick. The worker ant barely misses you. The goblin closely misses you.
You furiously retaliate!
You headbutt the goblin!
You kill the goblin!
Trog accepts your kill.
You are too injured to fight recklessly!
You are too injured to fight recklessly!
You are too injured to fight recklessly!
You closely miss the worker ant. You headbutt the worker ant!
The worker ant is heavily wounded.
You feel sick. The worker ant bites you.
You are more poisoned.
The worker ant poisons you!
You barely miss the worker ant.
The worker ant is heavily wounded.
You feel sick.
The worker ant bites you but does no damage.
You closely miss the worker ant. You headbutt the worker ant!
You kill the worker ant!
Trog accepts your kill.
You feel sick.
Your Armour skill increases to level 3!
You feel sick.
You feel a strong urge to attack something.
You feel sick.
You feel sick.
You see here a worm corpse.
You feel your anger nearly subside.
You are no longer berserk.
You pass out from exhaustion.
You feel yourself slow down.
* * * LOW HITPOINT WARNING * * *
You feel sick.
* * * LOW HITPOINT WARNING * * *
You feel sick.
* * * LOW HITPOINT WARNING * * *
You feel sick.
You can move again.
There is a stone staircase leading up, spattered with blood here.
Unknown command.
It was a potion of haste.
You feel yourself speed up.
* * * LOW HITPOINT WARNING * * *
You feel sick.
Okay, then.
It was a potion of degeneration.
There was something very wrong with that liquid.
You feel weakened.
You feel dopey.
You feel clumsy.
* * * LOW HITPOINT WARNING * * *
You feel sick.
* * * LOW HITPOINT WARNING * * *
You feel sick.
* * * LOW HITPOINT WARNING * * *
You feel sick.
* * * LOW HITPOINT WARNING * * *
You feel sick.
You see here a worm corpse.
* * * LOW HITPOINT WARNING * * *
You feel sick.
* * * LOW HITPOINT WARNING * * *
You feel sick.
You die...

#######.##
#........#
.......#.#
.........##
..........#
....!...#.##
......)@#..##
......†...†<#####
...............<#
................#
......#.........#
.%...##.........#
....# #...(.....#
.... #.........#
... ..........#


There were no monsters in sight!

Vanquished Creatures
  A worker ant (D:2)
  2 worms
  A dart slug (D:1)
  A bat (D:1)
  4 giant cockroaches
  3 goblins
  4 hobgoblins (D:1)
  A jackal (D:1)
  A quokka (D:1)
  A ball python (D:1)
  6 frilled lizards
  4 kobolds (D:1)
  3 rats (D:1)
32 creatures vanquished.

Notes
Turn   | Place    | Note
-------+----------+-------------------------------------------
     0 | D:1      | Artagas the Minotaur Berserker began the quest for the Orb.
     0 | D:1      | Reached XP level 1. HP: 19/19 MP: 0/0
    99 | D:1      | Reached XP level 2. HP: 21/27 MP: 1/1
   201 | D:1      | Reached skill level 4 in Fighting
   202 | D:1      | Reached skill level 4 in Axes
   366 | D:1      | Reached XP level 3. HP: 25/33 MP: 2/2
   684 | D:2      | Reached skill level 3 in Armour
   690 | D:2      | HP: 5/34 [poisoned by a worker ant]
   695 | D:2      | HP: 2/34 [poisoned by a worker ant]
   700 | D:2      | Succumbed to a worker ant's poison

Skill      XL: |  1  2  3 |
---------------+----------+-----
Fighting       | 4 |  4.5
Axes           | 4 |  4.5
Armour         | 3 |  3.0
Dodging        | |  2.6

Action                   || total
-------------------------++-------
Melee: Hand axe          ||    52
       Headbutt          ||     9
Invok: Berserk           ||     2
  Use: Potion            ||     2
  Eat: Chunk             ||     1
Armor: Animal skin       ||    11
       Ring mail         ||     7
Dodge: Dodged            ||    38

Levels and vault maps discovered:
D:1:      dpeg_arrival_central, layout_rooms, minmay_misc_feat_cross,
          minmay_pentomino_t4
D:2:      layout_rooms, old_standard_altar, first_ration, grunt_dithmenos_smoke

Table legend:
 A = Turns spent in this place as a percentage of turns spent in the entire game.
 B = Non-inter-level travel turns spent in this place as a percentage of non-inter-level travel turns spent in the entire game.
 C = Inter-level travel turns spent in this place as a percentage of turns spent in this place.
 D = Turns resting spent in this place as a percentage of non-inter-level travel turns spent in this place.
 E = Turns spent auto-exploring this place as a percentage of non-inter-level travel turns spent in this place.
 F = Non-inter-level travel turns spent in this place divided by the number of levels of this place that you've seen.
                   A       B       C       D       E      F
               +-------+-------+-------+-------+-------+----------------------
         Total | 100.0 | 100.0 |   9.0 |  16.3 |  57.8 | 318.5
       Dungeon | 100.0 | 100.0 |   9.0 |  16.3 |  57.8 | 318.5
               +-------+-------+-------+-------+-------+----------------------

Table legend:
 A = Kills in this place as a percentage of kills in entire the game.
 B = Kills by you in this place as a percentage of kills by you in the entire game.
 C = Kills by friends in this place as a percentage of kills by friends in the entire game.
 D = Other kills in this place as a percentage of other kills in the entire game.
 E = Experience gained in this place as a percentage of experience gained in the entire game.
 F = Experience gained in this place divided by the number of levels of this place that you have seen.
                   A       B       C       D       E      F
               +-------+-------+-------+-------+-------+----------------------
         Total | 100.0 | 100.0 |   N/A |   N/A | 100.0 |  44.5
       Dungeon | 100.0 | 100.0 |   N/A |   N/A | 100.0 |  44.5
               +-------+-------+-------+-------+-------+----------------------
